[Event "Early-Titled-Tuesday-Blitz-October-03-2023"]
[Site "Chess.com"]
[Date "2023.10.03"]
[Round "4"]
[White "Journey_to_GrandMaster_YT"]
[Black "Man-Chuk"]
[Result "1-0"]
[WhiteElo "2567"]
[BlackElo "2761"]
[TimeControl "180+1"]
[EndTime "8:40:06 PDT"]
[Termination "Journey_to_GrandMaster_YT won by resignation"]

1. d4 Nf6 2. Nf3 e6 3. c4 d5 4.
Nc3 Bb4 5. Bg5 h6 6. Bxf6 Qxf6 7.
e3 O-O 8. Rc1 Nc6 9. a3 Bxc3+ 10. Rxc3 Rd8 11. Bd3 dxc4 12. Rxc4 Bd7 13. O-O Rac8 14.
Qc2 e5 15. dxe5 Nxe5 16. Rf4 Nxf3+ 17. Rxf3 Qe5 18. Bh7+ Kf8 19. Bd3 Be6 20. h3 c5 21.
Bc4 Rd6 22. Bxe6 Qxe6 23. Qh7 g5 24. Rc1 Ke7 25. Qg7 c4 26. Qc3 b5 27. a4 a6 28. axb5 axb5 29. Ra1 Rc7 30. Ra8 Rd1+ 31.
Kh2 Qd6+ 32. g3 f6 33. Rh8 Qc6 34. Rh7+ Ke8 35. Rh8+ Ke7 36. Rh7+ Ke8 37. Rh8+ Kf7 38. Rxf6+ Qxf6 39. Rh7+ Kf8 40. Qxf6+ Ke8 41. Rh8+ 1-0

[Event "Early-Titled-Tuesday-Blitz-October-03-2023"]
[Site "Chess.com"]
[Date "2023.10.03"]
[Round "4"]
[White "borocotoajua"]
[Black "FM_Kappeler"]
[Result "1-0"]
[WhiteElo "2615"]
[BlackElo "2324"]
[TimeControl "180+1"]
[EndTime "8:40:06 PDT"]
[Termination "borocotoajua won on time"]

1. d4 Nf6 2. Nf3 e6 3. c4 d5 4.
g3 dxc4 5. Bg2 c5 6. O-O Nc6 7. Na3 cxd4 8. Nxc4 Bc5 9. Bf4 O-O 10. Rc1 Bb6 11.
Nfe5 Bd7 12. Nxb6 Qxb6 13. Nc4 Qa6 14. a3 Rfd8 15. Bc7 Rdc8 16. Bf4 Be8 17. Qb3 Rd8 18. Bc7 Rd7 19. Bf4 Rdd8 20. Bg5 Rac8 21. Rfd1 b5 22. Nd2 Na5 23. Qf3 e5 24. Ne4 Rxc1 25. Rxc1 Rc8 26. Nxf6+ gxf6 27. Rxc8 Qxc8 28. Bxf6 Qe6 29. Bh4 Bc6 30.
Qh5 Bxg2 31. Qg5+ Kf8 32. Kxg2 Nc6 33. Qc1 Qd5+ 34. f3 e4 35. Qh6+ Ke8 36. Qxh7 d3 37. fxe4 Qe6 38. Qh8+ Kd7 39. exd3 Ne5 40. Qh5 Ng6 41.
Qxb5+ 1-0

[Event "Early-Titled-Tuesday-Blitz-October-03-2023"]
[Site "Chess.com"]
[Date "2023.10.03"]
[Round "4"]
[White "Magila31"]
[Black "LionTheLeon_06"]
[Result "0-1"]
[WhiteElo "2404"]
[BlackElo "2791"]
[TimeControl "180+1"]
[EndTime "8:40:06 PDT"]
[Termination "LionTheLeon_06 won on time"]

1. d4 Nf6 2. c4 c5 3. d5 e6 4. Nc3 exd5 5. cxd5 d6 6. Nf3 g6 7.
Nd2 Bg7 8. Nc4 O-O 9. Bf4 Ne8 10. Qd2 a6 11. a4 Nd7 12. Nxd6 Nxd6 13. Bxd6 Re8 14.
e3 Qb6 15. Bg3 Nf6 16. Be2 Ne4 17. Nxe4 Rxe4 18. O-O Rb4 19. Rab1 Rxa4 20. b3 Rb4 21. Bc4 a5 22. d6 Bd7 23. Rbc1 Re8 24. Rfd1 Qd8 25.
Qd5 b5 26. Qxf7+ Kh8 27. Bd5 Bf6 28. Bf3 Be6 29. Qc7 Bxb3 30. Rd2 Bc4 31. Qxc5 Rb3 32. Bc6 Rf8 33. d7 a4 34. Bd6 Rg8 35. Be5 Kg7 36. Bxf6+ Qxf6 37. Qb6 Rd8 38. Qc7 a3 39. h4 Rb2 40. Rdd1 Qxf2+ 0-1

[Event "Early-Titled-Tuesday-Blitz-October-03-2023"]
[Site "Chess.com"]
[Date "2023.10.03"]
[Round "4"]
[White "pankajfm"]
[Black "Rozhkov_V"]
[Result "0-1"]
[WhiteElo "2108"]
[BlackElo "2429"]
[TimeControl "180+1"]
[EndTime "8:40:06 PDT"]
[Termination "Rozhkov_V won on time"]

1. e4 e6 2. d4 d5 3. e5 c5 4. c3 Nc6 5. Nf3 Qb6 6. a3 c4 7.
Nbd2 Na5 8. Be2 Bd7 9. O-O Ne7 10. Rb1 h6 11. Re1 O-O-O 12. Nf1 Kb8 13. h4 f6 14.
exf6 gxf6 15. Bf4+ Ka8 16. N3d2 Ng6 17. Bg3 Bd6 18.
Bg4 Bxg3 19. fxg3 e5 20. Bxd7 Rxd7 21. Qg4 Rg7 22. h5 f5 23. Qxf5 Rf8 24. Qg4 exd4 25. cxd4 Nc6 26. hxg6 Nxd4 27. Kh1 Rxg6 28. Qd7 a6 29.
Re8+ Rxe8 30. Qxe8+ Ka7 31. Qe3 Re6 32. Qf2 Rf6 33. Nf3 Nxf3 34. Qxb6+ Kxb6 35. gxf3 Rxf3 36. Kg2 Rb3 37. Nd2 Rd3 38. Nf3 Kc5 39. Rc1 b5 40. Kf2 a5 41. Ke2 b4 42. axb4+ axb4 43. g4 Rb3 44.
Rc2 d4 45. Rxc4+ Kb5 0-1

[Event "Early-Titled-Tuesday-Blitz-October-03-2023"]
[Site "Chess.com"]
[Date "2023.10.03"]
[Round "4"]
[White "chito89"]
[Black "Krakozia"]
[Result "0-1"]
[WhiteElo "2806"]
[BlackElo "3039"]
[TimeControl "180+1"]
[EndTime "8:40:08 PDT"]
[Termination "Krakozia won by resignation"]

1. c4 Nf6 2. Nc3 e5 3. Nf3 Nc6 4. g3 Nd4 5. Bg2 Nxf3+ 6. Bxf3 Bb4 7. O-O O-O 8. d3 c6 9. Bd2 a5 10. Bg2 Re8 11. a3 Bf8 12. Rb1 d5 13. cxd5 Nxd5 14.
b4 axb4 15. Nxd5 cxd5 16. Bxb4 Bxb4 17. axb4 Be6 18. Qd2 Qd7 19. Rfc1 h6 20. b5 Rec8 21. b6 Rxc1+ 22. Qxc1 Rc8 23. Qb2 Qd6 24. h4 Rc6 25. Bf3 g6 26. Qb5 Kg7 27. Qa5 g5 28. hxg5 hxg5 29. Qd2 f6 30. Qb2 g4 31. Bg2 Qc5 32. e3 Kf7 33. d4 Qc2 34. Qb5 e4 35. Bf1 Kg6 36. Be2 Qa2 37. Bd1 Bd7 38. Qb3 Qxb3 39. Bxb3 Rxb6 40. Kf1 Bb5+ 41. Ke1 Bd3 42. Rb2 Bc4 43.
Bxc4 Rxb2 44. Bxd5 f5 45. Be6 Kf6 46. d5 b5 47. Bc8 b4 48. d6 b3 49. d7 Ke7 50. d8=Q+ Kxd8 51. Bxf5 Ra2 0-1

[Event "Early-Titled-Tuesday-Blitz-October-03-2023"]
[Site "Chess.com"]
[Date "2023.10.03"]
[Round "4"]
[White "LoaySameer"]
[Black "Dmitry_Konenkin"]
[Result "1-0"]
[WhiteElo "2604"]
[BlackElo "2379"]
[TimeControl "180+1"]
[EndTime "8:40:08 PDT"]
[Termination "LoaySameer won on time"]

1. Nf3 d6 2. g3 e5 3. Bg2 Nc6 4. O-O Be6 5. d3 Qd7 6. c4 Bh3 7. Nc3 h5 8. e4 Nf6 9. Nd5 Be7 10.
Bxh3 Qxh3 11. Ng5 Qd7 12. h4 Nxd5 13. cxd5 Nd4 14. f4 f6 15. Ne6 Nxe6 16. dxe6 Qxe6 17. f5 Qd7 18. Be3 d5 19. Qb3 d4 20. Bd2 b6 21. a4 a5 22. Rac1 Bd6 23. Qd5 Ke7 24.
Rc6 Rhg8 25. Kh2 Rac8 26. Rcc1 Bc5 27. Rxc5 bxc5 28. Qxc5+ Kf7 29. Qc4+ Kf8 30. Bxa5 c5 31. Bb6 Qc6 32. a5 g6 33. fxg6 Rxg6 34. Rf5 Kg7 35. Rxh5 Qe8 36. Rf5 Rg4 37. Kh3 Qg6 38. Rf3 Kh7 39.
Qe6 Rg8 40. Qd7+ Rg7 41. Qf5 Rxg3+ 42. Rxg3 Qxf5+ 43. exf5 Rb7 44. Rg1 Kh6 45. Kg3 Rg7+ 46. Kf2 1-0

[Event "Early-Titled-Tuesday-Blitz-October-03-2023"]
[Site "Chess.com"]
[Date "2023.10.03"]
[Round "4"]
[White "hypert"]
[Black "Ranindu2003"]
[Result "1-0"]
[WhiteElo "2570"]
[BlackElo "2728"]
[TimeControl "180+1"]
[EndTime "8:40:09 PDT"]
[Termination "hypert won on time"]

1. d4 d5 2. c4 e6 3. Nf3 Nf6 4. Nc3 Bb4 5. Bg5 Nbd7 6. cxd5 exd5 7. e3 h6 8. Bh4 g5 9. Bg3 Ne4 10. Nd2 Nxg3 11. hxg3 Nb6 12. Bd3 Be6 13. Qc2 c6 14. a3 Bf8 15. b4 Qf6 16. Nb3 Nc4 17. Nc5 Bc8 18. Bxc4 dxc4 19. N5e4 Qg6 20. f3 b5 21.
O-O-O a5 22. d5 axb4 23. axb4 Bxb4 24. dxc6 Bf5 25. g4 Bc8 26. Nd5 Ba3+ 27. Kb1 Qxc6 28. Qc3 f6 29. Nexf6+ Kf7 30. Ne4 Bd7 31. Qe5 Rhe8 32.
Qd4 b4 33. Nxg5+ Kg8 34. Ne4 Rf8 35. Ndf6+ Rxf6 36. Nxf6+ Kf7 37. Rxh6 c3 38. Rh7+ Kg6 39. Qxd7 1-0

[Event "Early-Titled-Tuesday-Blitz-October-03-2023"]
[Site "Chess.com"]
[Date "2023.10.03"]
[Round "4"]
[White "Mr_ruthless"]
[Black "profedechess93"]
[Result "1-0"]
[WhiteElo "2504"]
[BlackElo "2645"]
[TimeControl "180+1"]
[EndTime "8:40:09 PDT"]
[Termination "Mr_ruthless won by resignation"]

1. e4 e6 2. d4 d5 3. Nd2 Be7 4. Bd3 c5 5. dxc5 Nf6 6. exd5 Qxd5 7. Ngf3 Nbd7 8. Nb3 Nxc5 9. Nxc5 Bxc5 10. O-O O-O 11. b3 e5 12. Bc4 Qxd1 13. Rxd1 Bg4 14. h3 Bxf3 15. gxf3 Bd4 16. Rb1 Rad8 17. Ba3 Rfe8 18. Rd3 Nh5 19. c3 Bb6 20. Rbd1 Rxd3 21. Rxd3 Rd8 22.
Rxd8+ Bxd8 23. Bc5 b6 24. Bd6 Nf4 25. Kh2 Ng6 26.
Bd3 Nf4 27. Bc4 Ng6 28. a4 a5 29. Bd3 Nf4 30. Bc4 Ng6 31. b4 Be7 32. Bc7 axb4 33. cxb4 Bxb4 34. Bxb6 Ne7 35. a5 Nc8 36. Bc7 Bc5 37.
Bxe5 Kf8 38. a6 f6 39. Bb8 Ke7 40. Kg2 Na7 41. Bd3 g6 42. f4 Kd7 43. f5 g5 44.
Kf3 Kc8 45. Bg3 Nc6 46. Kg4 Nb4 47. Bc4 Bf8 48. Be6+ 1-0

[Event "Early-Titled-Tuesday-Blitz-October-03-2023"]
[Site "Chess.com"]
[Date "2023.10.03"]
[Round "4"]
[White "vedantgoswami"]
[Black "Macron20hTF1"]
[Result "1-0"]
[WhiteElo "2413"]
[BlackElo "2604"]
[TimeControl "180+1"]
[EndTime "8:40:09 PDT"]
[Termination "vedantgoswami won by resignation"]

1. c3 g6 2. d4 Bg7 3. Nf3 d6 4. Bg5 h6 5. Bh4 c6 6. Nbd2 Qb6 7. Qb3 Nd7 8. e4 Ngf6 9. Bd3 g5 10. Bg3 Nh5 11.
Nc4 Qxb3 12. axb3 Nxg3 13. hxg3 b6 14. e5 dxe5 15. Ncxe5 Nxe5 16. Nxe5 Bb7 17. Be4 Bxe5 18. dxe5 e6 19. b4 a6 20. f4 Ke7 21. Ke2 Rad8 22. Rad1 Rxd1 23. Rxd1 Rg8 24. Rd6 gxf4 25. gxf4 f6 26.
Bxc6 Bxc6 27. Rxc6 fxe5 28. fxe5 Rxg2+ 29. Kf3 Rxb2 30.
Rxb6 Rb3 31. Rc6 h5 32. Kg3 Kd7 33. Rc5 Rb1 34. Kh4 Rh1+ 35. Kg3 h4+ 36. Kg2 Re1 37. Kh3 Re4 38. Kh2 Re3 39. Kg2 h3+ 40. Kh2 Rd3 41. Kh1 Rd2 42. Kg1 Re2 43. Kh1 Ke7 44. Kg1 Kf7 45.
Rc6 Rxe5 46. Rxa6 Re2 47. b5 Kf6 48. Rc6 Kf5 49. b6 Kg4 50. Rc8 Rb2 51. Rb8 Kg3 52. Rg8+ Kf4 53. Rb8 Kg3 54. Rg8+ Kf3 55. Rb8 e5 56. b7 e4 57. Rf8+ Kg3 58. b8=Q+ Rxb8 59. Rxb8 e3 60. Re8 1-0

[Event "Early-Titled-Tuesday-Blitz-October-03-2023"]
[Site "Chess.com"]
[Date "2023.10.03"]
[Round "4"]
[White "ErikRonka"]
[Black "invisible_s0ul"]
[Result "1-0"]
[WhiteElo "2484"]
[BlackElo "2295"]
[TimeControl "180+1"]
[EndTime "8:40:09 PDT"]
[Termination "ErikRonka won by resignation"]

1. e4 c5 2. Nf3 d6 3. d4 cxd4 4.
Nxd4 Nf6 5. Nc3 a6 6. Nb3 b5 7. a4 b4 8. Nd5 Nxd5 9. Qxd5 Ra7 10. Be3 e6 11. Qc4 d5 12. exd5 exd5 13. Qd3 Rd7 14.
O-O-O Be7 15. a5 O-O 16. Bb6 Qe8 17. Be2 Bg5+ 18. Kb1 Qe4 19. Bf3 Qxd3 20. Rxd3 Bb7 21. Nc5 Re7 22. Nxb7 Rxb7 23. Bxd5 Rd7 24. Rhd1 h6 25.
g3 Bf6 26. Bc5 Rfd8 27. Bxb4 Rc7 28. Bxf7+ Kxf7 29. Rxd8 Bxd8 30. Rxd8 Nc6 31. Ra8 Nxb4 32. c3 Nd5 33. Rxa6 Nf6 34. Rb6 Nd7 35. Rb5 Ra7 36.
b4 Ke6 37. c4 Kd6 38. Kb2 Kc6 39. Kb3 g5 40. Rf5 Kc7 41. c5 Rb7 42. Kc4 Kc8 43. b5 Rc7 44. c6 Nb8 45. Kd5 Nd7 46. cxd7+ Rxd7+ 47. Kc4 Rc7+ 48. Rc5 Rxc5+ 49. Kxc5 Kb7 50. Kd5 1-0

[Event "Early-Titled-Tuesday-Blitz-October-03-2023"]
[Site "Chess.com"]
[Date "2023.10.03"]
[Round "4"]
[White "Tsyhanchuk_Stanislav"]
[Black "familijatop71"]
[Result "1-0"]
[WhiteElo "2435"]
[BlackElo "2205"]
[TimeControl "180+1"]
[EndTime "8:40:10 PDT"]
[Termination "Tsyhanchuk_Stanislav won on time"]

1. e4 d5 2. exd5 Qxd5 3. Nc3 Qa5 4. d4 c6 5. Nf3 Nf6 6. Bc4 Bf5 7. Bf4 e6 8. Qd2 Bb4 9. Bd3 Ne4 10. Bxe4 Bxe4 11.
Ne5 Nd7 12. O-O Nxe5 13. Bxe5 O-O 14. a3 Bxc3 15. bxc3 Qd5 16. f3 Bg6 17. Qe2 b5 18. g4 Rae8 19. h4 f6 20. Bg3 e5 21. Qd2 e4 22. f4 e3 23. Qe2 f5 24. g5 Qe4 25.
h5 Bf7 26. Rfe1 Bd5 27. Qh2 Qf3 28. Rf1 Qe4 29. Rae1 e2 30. Rf2 Qxc2 31. Rfxe2 Rxe2 32.
Qxe2 Qxc3 33. Kh2 Qxa3 34. h6 Qf3 35. Qxf3 Bxf3 36. Re7 gxh6 37. gxh6 Rf7 38. Re8+ Rf8 39.
Re7 Rf7 40. Re8+ Rf8 41. Re6 Bd5 42. Rd6 a5 43. Be1 Kf7 44. Bxa5 Re8 45. Bb4 1-0

[Event "Early-Titled-Tuesday-Blitz-October-03-2023"]
[Site "Chess.com"]
[Date "2023.10.03"]
[Round "4"]
[White "Vision_64"]
[Black "VOneChess"]
[Result "1-0"]
[WhiteElo "2353"]
[BlackElo "2200"]
[TimeControl "180+1"]
[EndTime "8:40:13 PDT"]
[Termination "Vision_64 won on time"]

1. e4 g6 2. f4 Bg7 3. Nf3 d6 4. Bc4 a6 5. d3 b5 6. Bb3 e6 7.
O-O Bb7 8. Qe1 Nd7 9. f5 Qe7 10. fxe6 fxe6 11. Ng5 Nc5 12. Nf7 Qxf7 13. Rxf7 Kxf7 14.
Nc3 Nxb3 15. axb3 Nf6 16. e5 dxe5 17. Qxe5 Nd5 18. Qg3 Rhf8 19. Ne4 Kg8 20. h4 Bd4+ 21. Kh2 Rf5 22. Kh3 Be5 23. Qg4 Kg7 24. c3 h5 25.
Qe2 Raf8 26. Bd2 Bf4 27. g3 Bxd2 28. Qxd2 Rf3 29. Ng5 R3f6 30. Re1 Bc8 31. Re5 Ne7 32. Qe3 Nf5 33. Qc5 Nd6 34. Qxc7+ Nf7 35. Nxf7 R6xf7 36. Qd6 Bb7 37. Qd4 Rf1 38. Rf5+ Kh7 39. Rxf1 Rxf1 40. Qd7+ Kh6 41. Qxb7 Rf2 42. Qc6 Rxb2 43. Qxe6 Rc2 44. b4 1-0

[Event "Early-Titled-Tuesday-Blitz-October-03-2023"]
[Site "Chess.com"]
[Date "2023.10.03"]
[Round "4"]
[White "soumeow"]
[Black "Kielinkei"]
[Result "1-0"]
[WhiteElo "2300"]
[BlackElo "2455"]
[TimeControl "180+1"]
[EndTime "8:40:14 PDT"]
[Termination "soumeow won on time"]

1. e4 c5 2. Nf3 e6 3. d4 cxd4 4. Nxd4 Nc6 5. Nc3 Qc7 6. Be3 a6 7. Be2 Nf6 8. O-O Be7 9. Kh1 O-O 10. f4 d6 11. Bf3 Nxd4 12. Bxd4 e5 13. fxe5 dxe5 14.
Be3 Be6 15. Qe1 Rad8 16. Qg3 Kh8 17. Qf2 Rd7 18. h3 b5 19. Rfd1 Rxd1+ 20. Rxd1 Rd8 21. Nd5 Bxd5 22. exd5 Rd7 23. Bb6 Qb8 24. Bc5 e4 25. Bxe7 Rxe7 26. Be2 e3 27. Qf5 Ne4 28. Kg1 Ng3 29.
Qf3 Qd6 30. Rd3 Nxe2+ 31. Qxe2 g6 32. Rxe3 Rxe3 33. Qxe3 Qxd5 34. Qc3+ Kg8 35. a3 Qd7 36. Qc5 h5 37. Kh2 Qb7 38. Qe5 Qd7 39. Qb8+ Kg7 40.
Qe5+ Kg8 41. Qb8+ Kg7 42. Qe5+ f6 43. Qb8 1-0

[Event "Early-Titled-Tuesday-Blitz-October-03-2023"]
[Site "Chess.com"]
[Date "2023.10.03"]
[Round "4"]
[White "N4700000"]
[Black "JohnWhite1952"]
[Result "1-0"]
[WhiteElo "2418"]
[BlackElo "2015"]
[TimeControl "180+1"]
[EndTime "8:40:17 PDT"]
[Termination "N4700000 won on time"]

1. e4 e6 2. d4 d5 3. Bd3 dxe4 4. Bxe4 Nf6 5. Bf3 Nc6 6. Ne2 Bd6 7. Nbc3 O-O 8. O-O e5 9. Bxc6 bxc6 10. dxe5 Bxe5 11. Bf4 Qd6 12. Qxd6 cxd6 13. Bxe5 dxe5 14. Ng3 Ba6 15.
Rfe1 Rfe8 16. Rad1 Rab8 17. b3 Bb7 18. Nge4 Nxe4 19. Nxe4 f6 20. Nc5 Bc8 21. Rd6 Bf5 22.
c4 Red8 23. Red1 Rxd6 24. Rxd6 Bb1 25. Rd1 Bf5 26. f3 Kf7 27. Rd6 Rc8 28. Kf2 Ke7 29.
Rd2 Rd8 30. Rxd8 Kxd8 31. Ke3 Ke7 32. b4 Bb1 33. a4 f5 34. f4 Kd6 35. a5 Ba2 36.
fxe5+ Kxe5 37. Nd3+ Kd6 38. Kd4 Bb1 39. Ne5 a6 40. Nf7+ Ke7 41. Ng5 h6 42. Nf3 Be4 43. Kc5 g5 44. Nd4 Bxg2 45. Nxf5+ Kf6 46. Nxh6 1-0

[Event "Early-Titled-Tuesday-Blitz-October-03-2023"]
[Site "Chess.com"]
[Date "2023.10.03"]
[Round "4"]
[White "Javylavilla"]
[Black "SRob2003"]
[Result "0-1"]
[WhiteElo "2370"]
[BlackElo "2616"]
[TimeControl "180+1"]
[EndTime "8:40:18 PDT"]
[Termination "SRob2003 won on time"]

1. e4 c6 2. c4 d5 3. cxd5 cxd5 4. exd5 Nf6 5. Qa4+ Nbd7 6. Nc3 g6 7. Nf3 a6 8. Qb3 Bg7 9. d6 e6 10. d4 O-O 11. Be2 b6 12. O-O Bb7 13. Bf4 Nd5 14. Be5 Nxe5 15. dxe5 Nf4 16. Bd1 Nd3 17. Na4 Nxe5 18.
Nxe5 Bxe5 19. Qxb6 Rb8 20. Qe3 Qxd6 21. h3 Bd4 22. Qg5 f6 23. Qg4 f5 24. Qg5 f4 25.
Bb3 Rf5 26. Qg4 Kg7 27. Rad1 h5 28. Qh4 Kh6 29. Kh2 Rg5 30. f3 e5 31. Rfe1 Qf6 32. Rxd4 exd4 33. Re6 Rxg2+ 34. Kxg2 Qxh4 35. Bc2 Qg3+ 36.
Kf1 Qxf3+ 37. Ke1 Qg3+ 38. Kd2 Rg8 39. Nc5 d3 40. Nxd3 Qh2+ 41. Kc1 Qxh3 42. Nc5 Bd5 43. Re7 Qh1+ 44. Kd2 Qh2+ 45. Kc3 f3 46. Nd7 f2 47. Nf6 f1=Q 0-1

[Event "Early-Titled-Tuesday-Blitz-October-03-2023"]
[Site "Chess.com"]
[Date "2023.10.03"]
[Round "4"]
[White "Jojo_898"]
[Black "Maxfan2008"]
[Result "0-1"]
[WhiteElo "2375"]
[BlackElo "2581"]
[TimeControl "180+1"]
[EndTime "8:40:18 PDT"]
[Termination "Maxfan2008 won on time"]

1. e4 c5 2. Nf3 d6 3. c3 Nf6 4.
Bd3 Nc6 5. h3 g6 6. O-O Bg7 7. Bc2 O-O 8. d4 d5 9. e5 Ne4 10. Nbd2 Nxd2 11. Bxd2 Qb6 12. dxc5 Qxb2 13. Bb3 Be6 14. a4 Na5 15. Bc2 Nc4 16. Bb3 Nxd2 17.
Nxd2 Qxc3 18. f4 Qxc5+ 19. Kh2 f6 20. Rc1 Qb4 21. Rb1 Qa5 22. Nf3 Rad8 23. Qe2 Bf5 24. Rbd1 Be4 25. Qxe4 e6 26. Qe3 Qb4 27. exf6 Rxf6 28.
Ng5 Qe7 29. Rxd5 Rdf8 30. Rb5 Kh8 31. Nxe6 Re8 32. Re1 Qd6 33. Re5 Bh6 34. g3 Rc8 35. Qxa7 Qd3 36. Qe3 Qd6 37. Re2 Qb4 38. Nd4 Qa3 39.
Re8+ Rxe8 40. Qxe8+ Rf8 41. Qe5+ Bg7 42. Qe3 Qb4 43.
Ne6 Re8 44. Qf3 Bf6 45. Bd5 Rc8 0-1

[Event "Early-Titled-Tuesday-Blitz-October-03-2023"]
[Site "Chess.com"]
[Date "2023.10.03"]
[Round "4"]
[White "IngOscarArdila"]
[Black "betta2004"]
[Result "1/2-1/2"]
[WhiteElo "2333"]
[BlackElo "2548"]
[TimeControl "180+1"]
[EndTime "8:40:19 PDT"]
[Termination "Game drawn - insufficient material"]

1. d4 Nf6 2. c4 e6 3. Nc3 c5 4. Nf3 cxd4 5. Nxd4 Nc6 6. Bg5 Qa5 7. Bxf6 gxf6 8.
Nb5 a6 9. Nd6+ Bxd6 10. Qxd6 Qe5 11. O-O-O Qxd6 12. Rxd6 Ke7 13. Rd2 f5 14. e3 d6 15. f4 Rg8 16. g3 Bd7 17. Bg2 Rad8 18. Rhd1 Bc8 19. Bf3 Na5 20. b3 b6 21. Na4 b5 22. cxb5 axb5 23. Nc3 b4 24. Nb5 Bb7 25. Bxb7 Nxb7 26. Kb2 d5 27. Rc2 Rc8 28. Rdc1 Kd7 29. Nd4 Nd6 30. Nc6 Nc4+ 31. bxc4 Rxc6 32. cxd5 Rxc2+ 33.
Rxc2 exd5 34. Kb3 Re8 35. Kxb4 Rxe3 36. Kc5 Ke6 37. a4 Ra3 38. Re2+ Kd7 39. Kb5 Kd6 40. Re5 d4 41. Kb4 Ra1 42. Rxf5 d3 43. Kc3 Ra3+ 44. Kd2 Ke6 45. Re5+ Kd6 46. a5 f6 47. Rh5 Ke6 48. a6 Rxa6 49. Kxd3 Ra7 50. Rh6 Kf5 51.
h3 Ra3+ 52. Ke2 Rxg3 53. Rxh7 Kxf4 54. Kf2 Ra3 55. h4 Ra2+ 56. Kg1 f5 57. h5 Kf3 58. h6 Ra1+ 59. Kh2 Ra4 60. Kh3 Ra1 61. Kh4 Kf4 62. Kh5 Rh1+ 63. Kg6 Kg4 64. Ra7 f4 65. h7 f3 66. Rf7 Kg3 67. Kg7 f2 68. h8=Q Rxh8 69. Kxh8 Kg2 70. Rg7+ Kh1 71. Rh7+ Kg1 72. Rg7+ Kh1 73.
Rf7 Kg1 74. Kg7 f1=Q 75. Rxf1+ Kxf1 1/2-1/2

[Event "Early-Titled-Tuesday-Blitz-October-03-2023"]
[Site "Chess.com"]
[Date "2023.10.03"]
[Round "4"]
[White "Actuary44"]
[Black "NikolaGry"]
[Result "0-1"]
[WhiteElo "2515"]
[BlackElo "2714"]
[TimeControl "180+1"]
[EndTime "8:40:20 PDT"]
[Termination "NikolaGry won by resignation"]

1. e4 d5 2. e5 Bf5 3. d4 e6 4. Bd3 Bxd3 5. Qxd3 c5 6. dxc5 Nc6 7. f4 Bxc5 8. c3 f6 9. Nf3 Qc7 10. exf6 Nxf6 11.
Nbd2 Qxf4 12. Nb3 Qe4+ 13. Qxe4 Nxe4 14. Nxc5 Nxc5 15. O-O Ne4 16. c4 dxc4 17. Re1 Nc5 18. Bf4 O-O-O 19. Ng5 Rhf8 20. Bg3 Rd2 21. Nxh7 Rfd8 22.
Ng5 Nd4 23. Nf7 Ne2+ 24. Rxe2 Rxe2 25. Nxd8 Kxd8 26. Rc1 b5 27. b3 Nd3 28. Rd1 Rxa2 29. bxc4 bxc4 30. Be5 g6 31. g4 Re2 32. Bc3 Rc2 33.
Bd4 Kd7 34. Bxa7 Kd6 35. h4 Ra2 36. Be3 Kd5 37. h5 gxh5 38. gxh5 Ke4 39. Bg5 Kf3 40.
Bf6 Rg2+ 41. Kf1 Rh2 42. Kg1 Rxh5 43. Rf1+ Ke4 44. Bc3 e5 45. Kg2 Rg5+ 46. Kh3 Rf5 47. Rg1 Rf3+ 48. Kg4 Nf2+ 49. Kh5 Rxc3 50. Re1+ Re3 0-1

[Event "Early-Titled-Tuesday-Blitz-October-03-2023"]
[Site "Chess.com"]
[Date "2023.10.03"]
[Round "4"]
[White "elamier"]
[Black "CSB7"]
[Result "0-1"]
[WhiteElo "2404"]
[BlackElo "2733"]
[TimeControl "180+1"]
[EndTime "8:40:21 PDT"]
[Termination "CSB7 won by resignation"]

1. d4 Nf6 2. c4 a6 3. Nf3 e6 4. Nc3 d5 5. cxd5 exd5 6. Bg5 Be6 7. e3 Nbd7 8. Bd3 h6 9. Bh4 g5 10. Bg3 Nh5 11. Qc2 Nxg3 12. hxg3 Bg7 13. Bf5 Qf6 14.
Bxe6 fxe6 15. g4 O-O-O 16. O-O-O Kb8 17. Ne2 c5 18. Kb1 Rc8 19. Qd2 Rc6 20. Ng3 Rhc8 21. Nh5 Qg6+ 22. Qd3 Qxd3+ 23. Rxd3 c4 24. Rdd1 Bf8 25.
Rhe1 b5 26. e4 c3 27. Rc1 cxb2 28. Rxc6 Rxc6 29. Kxb2 Bb4 30. Re3 Nb6 31. Ne5 Rc7 32. Nf6 Bd6 33. exd5 exd5 34. Kb3 a5 35. Ne8 a4+ 36. Kb2 Bxe5 37. Rxe5 Nc4+ 38. Kb1 Nxe5 39. Nxc7 Kxc7 40. dxe5 b4 41. g3 Kd7 42. f4 Ke6 43. Kc2 d4 44. Kb2 Kd5 45. Kc2 Ke6 46.
Kb2 d3 47. Kc1 b3 48. axb3 axb3 49. Kd1 b2 0-1

[Event "Early-Titled-Tuesday-Blitz-October-03-2023"]
[Site "Chess.com"]
[Date "2023.10.03"]
[Round "4"]
[White "SAInt_666"]
[Black "Shuvalov"]
[Result "0-1"]
[WhiteElo "2649"]
[BlackElo "2466"]
[TimeControl "180+1"]
[EndTime "8:40:22 PDT"]
[Termination "Shuvalov won by resignation"]

1. d4 Nf6 2. Bf4 d5 3. e3 e6 4.
Nf3 c5 5. Nbd2 Nc6 6. Bb5 Bd6 7. Bg3 O-O 8. O-O Ne7 9. c4 a6 10. Ba4 dxc4 11. Bxd6 Qxd6 12. Nxc4 Qc7 13. Nce5 b5 14. Bc2 Bb7 15. Rc1 Rad8 16. Bb1 c4 17. Qe2 Qa5 18.
b3 c3 19. Ne1 b4 20. N1d3 Qb6 21. Nc4 Qb5 22. Nc5 Bc6 23. Bd3 a5 24. a4 Qb8 25.
Nxa5 Bxg2 26. Kxg2 Qa8+ 27. Qf3 Qxa5 28. Nb7 Qg5+ 29. Qg3 Qd5+ 30. Qf3 Qxf3+ 31. Kxf3 Rb8 32. Nc5 Rfd8 33. Ke2 Nc6 34. Rg1 e5 35. Bb5 Rb6 36. dxe5 Nxe5 37. Rgd1 Rbd6 38. Rxd6 Rxd6 39. Rd1 Rxd1 40.
Kxd1 Kf8 41. a5 Nd5 42. a6 Nc7 43. a7 Ke7 44. f4 Ng4 45. Ke2 Nf6 46. Bc6 Kd6 47.
a8=Q Nxa8 48. Bxa8 Kxc5 49. Kd3 Ng4 50. h4 h5 51. Bf3 g6 52. e4 Nf6 53. Bg2 Ng8 54.
Bf3 Ne7 55. e5 Nf5 56. Be4 Nxh4 0-1

[Event "Early-Titled-Tuesday-Blitz-October-03-2023"]
[Site "Chess.com"]
[Date "2023.10.03"]
[Round "4"]
[White "MMAHDI2013"]
[Black "crazy_but_lazy"]
[Result "1-0"]
[WhiteElo "2401"]
[BlackElo "2597"]
[TimeControl "180+1"]
[EndTime "8:40:22 PDT"]
[Termination "MMAHDI2013 won by resignation"]

1. c4 e5 2. Nc3 Nf6 3. Nf3 Nc6 4. g3 Nd4 5. Bg2 Nxf3+ 6. Bxf3 c6 7. d4 exd4 8. Qxd4 Bb4 9. O-O h6 10. a3 Bxc3 11.
Qxc3 O-O 12. b4 d6 13. Bb2 Qe7 14. Rad1 Rd8 15. Rfe1 Be6 16. e4 Ne8 17. Bg2 a5 18. c5 axb4 19. axb4 dxc5 20. bxc5 Rxd1 21. Rxd1 Rd8 22.
Rd4 Rxd4 23. Qxd4 Qd7 24. f4 Qxd4+ 25. Bxd4 f6 26. Kf2 Kf7 27. Ke3 Nc7 28. Bf1 Ke7 29. Bc3 Bb3 30. Ba5 Ne6 31. Bb4 Ba2 32. Bh3 Nd8 33. Ba5 Ne6 34. Bb6 Bc4 35. Bf5 Ba2 36. h4 Bb3 37. g4 g5 38. fxg5 fxg5 39. h5 Kf6 40. Ba7 Bd1 41. Bxe6 Kxe6 42. Bb8 Bxg4 43. Bd6 Kf7 44. e5 Bxh5 45. e6+ Kg7 46. Kd4 Be8 47.
Ke5 Kg6 48. Bc7 h5 49. Kd6 h4 50. Ke7 g4 51. Kxe8 g3 52. e7 g2 53. Bh2 1-0

[Event "Early-Titled-Tuesday-Blitz-October-03-2023"]
[Site "Chess.com"]
[Date "2023.10.03"]
[Round "4"]
[White "MightyGMpretender"]
[Black "LeoLV10"]
[Result "1-0"]
[WhiteElo "2810"]
[BlackElo "2574"]
[TimeControl "180+1"]
[EndTime "8:40:23 PDT"]
[Termination "MightyGMpretender won by resignation"]

1. e4 c6 2. Nc3 d5 3. Nf3 Bg4 4. h3 Bxf3 5. Qxf3 e6 6. g3 Nd7 7. Bg2 Bc5 8. O-O Ne7 9. Rd1 d4 10. Ne2 e5 11. d3 O-O 12. g4 Ng6 13. Qg3 Be7 14. Rf1 Bh4 15. Qh2 Qe7 16. Ng3 Bxg3 17. fxg3 f6 18. h4 Rf7 19. Bh3 Nc5 20. Bd2 a5 21. Rf3 Nf8 22. Raf1 Nfd7 23. Qf2 Raf8 24.
Bxa5 Ra8 25. Bb4 Rxa2 26. Ba3 b5 27. Qe1 Qe6 28. Kh2 Qe8 29. Qb1 Rxa3 30. bxa3 Ne6 31. g5 Nef8 32. Qb4 Re7 33. Qd6 c5 34. Rb1 Ne6 35. gxf6 Nxf6 36. Qxe5 Nf8 37. Qxc5 Ng6 38.
Qxb5 Qf8 39. Rf5 Rc7 40. Qb3+ Kh8 41. e5 Ne7 42. Rf2 Ng4+ 43. Bxg4 Qxf2+ 44. Kh3 Rxc2 45. Qxc2 Qxc2 46. Rb8+ Ng8 47. Be6 h5 48. Rxg8+ Kh7 49. Rf8 Qd1 50. Bf5+ g6 51. Be4 Kg7 52.
Rf6 Qg4+ 53. Kg2 Qe2+ 54. Rf2 Qe3 55. e6 Qc1 56. Rf7+ Kg8 57. Bxg6 Qd2+ 58. Rf2 Qe3 59. Be4 Qh6 60. e7 Qe6 61. Rf8+ Kg7 62. e8=Q Qxe8 1-0